 Dungeon Crawl Stone Soup version 0.27.0-1-g7a089689b8 (webtiles) character file.

Game seed: 10932687725290418052

11 Strat the Grave Robber (level 2, 0/17 HPs)
             Began as a Gargoyle Necromancer on Aug 5, 2021.
             Slain by a ball python (1 damage)
             ... on level 1 of the Dungeon.
             The game lasted 00:01:38 (568 turns).

Strat the Grave Robber (Gargoyle Necromancer)        Turns: 568, Time: 00:01:38

Health: 0/17       AC:  4    Str: 11    XL:     2   Next: 29%
Magic:  1/5        EV:  8    Int: 15    God:
Gold:   36         SH:  0    Dex: 10    Spells: 3/5 levels left

rFire    . . .     SeeInvis .   a - +0 whip
rCold    . . .     Faith    .   (no shield)
rNeg     + . .     Spirit   .   b - +0 robe
rPois    ∞         Reflect  .   (no helmet)
rElec    +         Harm     .   (no cloak)
rCorr    .         Rampage  .   (no gloves)
Will     .....                  (no boots)
Stlth    ++........             (no amulet)
HPRegen  0.05/turn              (no ring)
MPRegen  0.09/turn              (no ring)

@: very slightly contaminated, constricted
A: sickness immunity, AC +2, negative energy resistance 1, electricity
resistance, torment resistance 1, petrification resistance
a: no special abilities


You were on level 1 of the Dungeon.
You visited 1 branch of the dungeon, and saw 1 of its levels.

You collected 36 gold pieces.

Inventory:

Hand Weapons
 a - a +0 whip (weapon)
Missiles
 c - 7 stones
Armour
 b - a +0 robe (worn)
Scrolls
 d - a scroll of identify {unknown}


   Skills:
 + Level 2.1 Fighting
 - Level 1.5 Dodging
 - Level 2.1 Stealth
 - Level 2.0 Spellcasting
 - Level 3.2 Necromancy


You had 3 spell levels left.
You knew the following spells:

 Your Spells              Type           Power      Damage    Failure   Level
a - Pain                  Necr           44%        1d6       6%          1
b - Animate Skeleton      Necr           22%        N/A       6%          1

Your spell library contained the following spells:

 Spells                   Type           Power      Damage    Failure   Level
 Vampiric Draining        Necr           5%         2d6       17%         3
 Apportation              Tloc           2%         N/A       22%         1
 Corona                   Hex            1%         N/A       22%         1
 Summon Small Mammal      Summ           4%         N/A       22%         1
 Static Discharge         Conj/Air       1%         N/A       32%         2
 Animate Dead             Necr           5%         N/A       50%         4
 Agony                    Necr           11%        N/A       85%         5
 Lightning Bolt           Conj/Air       0%         1d11      99%         5
 Maxwell's Capacitive Co  Air            0%         ∞         100%        8


Dungeon Overview and Level Annotations

Branches:
Dungeon (1/15)

Altars:


Innate Abilities, Weirdness & Mutations

You are immune to sickness and miasma.
Your stone body is resilient. (AC +2)
You are immune to poison.
You resist negative energy. (rN+)
You are resistant to electric shocks. (rElec)
You are resistant to unholy torment.
You are immune to petrification.


Message History

The kobold barely resists.
The kobold hits you but does no damage.
A frilled lizard comes into view.
Unknown command.
The kobold closely misses you.
The kobold throws a stone.
The stone hits you but does no damage. The ball python barely misses you.
The ball python grabs you. The ball python constricts you.
You escape the ball python's grasp.
The ball python bites you.
* * * LOW HITPOINT WARNING * * *
The ball python grabs you.
* * * LOW HITPOINT WARNING * * *
The ball python constricts you.
You escape the ball python's grasp.
The ball python bites you but does no damage.
The ball python grabs you.
* * * LOW HITPOINT WARNING * * *
The ball python constricts you.
Casting: Pain (safe; 6% risk of failure)
Confirm with . or Enter, or press ? or * to list all spells.
Aiming: Pain (safe; 6% risk of failure)
Press: ? - help, Shift-Dir - straight line, f - ball python, p - kobold
Aim: a ball python (constricting you, chance to affect: 80%)
You miscast Pain.
You are very lightly contaminated with residual magic.
Nothing appears to happen.
The ball python closely misses you. The ball python constricts you.
Casting: Pain (safe; 6% risk of failure)
Confirm with . or Enter, or press ? or * to list all spells.
Aiming: Pain (safe; 6% risk of failure)
Press: ? - help, Shift-Dir - straight line, f/p - ball python
Aim: a ball python (constricting you, chance to affect: 80%)
The ball python barely resists.
The ball python bites you.
* * * LOW HITPOINT WARNING * * *
x2 The ball python constricts you.
Unknown command.
You escape the ball python's grasp.
The ball python bites you but does no damage.
The ball python grabs you.
You die...

......##'####.##.##.#.#..........
......#.....#.##.##.#.##.........
......#.......##.####.###8..∩..∩.
......#...............###..(.....
########'##.....########.........
########.##.....# #.8..8..∩.
.........##.....########.........
#.######.#######.SSl.K...........
#.#......# #@#######.8..8..∩.
..#.###### #.# #...#...######
†.#.# #.# #.<.#.### ###.#
#.###...#l# # #.# #.#.....#.# #
### #.#.>...#K########
#.#.....#......##.
#.###...#.####.##.
#...#...#.#..#.##.


You could see 2 ball pythons, a kobold and a frilled lizard.

Vanquished Creatures
  A dart slug (D:1)
  An endoplasm (D:1)
  A bat (D:1)
  A frilled lizard (D:1)
  A goblin (D:1)
  3 kobolds (D:1)
  3 rats (D:1)
11 creatures vanquished.

Notes
Turn   | Place    | Note
-------+----------+-------------------------------------------
     0 | D:1      | Strat the Gargoyle Necromancer began the quest for the Orb.
     0 | D:1      | Reached XP level 1. HP: 10/10 MP: 3/3
   187 | D:1      | Reached skill level 1 in Fighting
   338 | D:1      | Reached XP level 2. HP: 14/17 MP: 1/5
   340 | D:1      | Learned a level 1 spell: Animate Skeleton
   568 | D:1      | Slain by a ball python

Illustrated notes

Levels and vault maps discovered:
D:1:      amcnicky_arrival_blooded_trapdoor, layout_basic,
          hellmonk_ecumenical_altar_arch_garden, lemuel_flame_loot_1

Skill      XL: |  1  2 |
---------------+-------+-----
Fighting       | 1 2 |  2.1
Dodging        | |  1.5
Stealth        | |  2.1
Spellcasting   | |  2.0
Necromancy     | |  3.2

Action                   || total
-------------------------++-------
Melee: Whip              ||     3
 Cast: Pain              ||    18
Armor: Robe              ||     7
Dodge: Dodged            ||    11
